 Dungeon Crawl Stone Soup version 0.28-a0-1412-gf95308ed99 (webtiles) character file.

Game seed: 3482343485098552317

102 croobank the Skirmisher (level 4, -3/35 HPs)
             Began as a Demonspawn Abyssal Knight on Jan 6, 2022.
             Was a Believer of Lugonu.
             Killed by nerve-wracking pain
             ... invoked by an orc priest
              (7 damage)
             ... on level 3 of the Dungeon.
             The game lasted 00:13:47 (3313 turns).

croobank the Skirmisher (Demonspawn Abyssal Knight) Turns: 3313, Time: 00:13:47

Health: -3/35      AC:  7    Str: 14    XL:     4   Next: 50%
Magic:  6/6        EV: 11    Int: 13    God:    Lugonu [**....]
Gold:   81         SH:  0    Dex: 13    Spells: 3/3 levels left

rFire   . . .      SeeInvis +   a - +1 hand axe
rCold   . . .      Faith    .   (no shield)
rNeg    . . .      Spirit   .   f - +1 ring mail
rPois   .          Reflect  .   (no helmet)
rElec   .          Harm     .   (no cloak)
rCorr   .          Rampage  .   (no gloves)
Will    .....                   (no boots)
Stlth   +.........              i - amulet of magic regeneration
HPRegen 0.11/turn               b - ring of see invisible
MPRegen 0.50/turn               (no ring)

@: hasted, very quick
A: ignite blood 1, sharp scales 1
a: Renounce Religion, Depart the Abyss, Bend Space


You were on level 3 of the Dungeon.
You worshipped Lugonu.
Lugonu was pleased with you.
You visited 1 branch of the dungeon, and saw 3 of its levels.
You visited the Abyss 1 time.

You collected 81 gold pieces.

Inventory:

Hand Weapons
 a - a +1 hand axe (weapon)
 c - a +0 short sword
 g - a +0 mace
Missiles
 d - 49 stones
 e - 11 poisoned darts
 k - 15 sling bullets
Armour
 f - a +1 ring mail (worn)
Jewellery
 b - a ring of see invisible (left hand)
 i - an amulet of magic regeneration (around neck)
 j - an amulet of reflection


   Skills:
 + Level 3.5 Fighting
 + Level 2.5 Axes
 + Level 2.4 Armour
 + Level 1.8 Dodging
 + Level 3.4 Invocations


You had 3 spell levels left.
You didn't know any spells.
Your spell library contained the following spells:

 Spells                   Type           Power      Damage    Failure   Level
 Passage of Golubria      Tloc           0%         N/A       99%         4
 Silence                  Hex/Air        0%         N/A       100%        5
 Lehudib's Crystal Spear  Conj/Erth      0%         10d2      100%        8


Dungeon Overview and Level Annotations

Branches:
Dungeon (3/15)

Altars:

Shops:
D:1 :   D:2 ([(=(


Innate Abilities, Weirdness & Mutations

Your demonic aura sometimes causes spilled blood to erupt in flames.
You are partially covered in razor-sharp scales. (AC +1, Slay +1)


Message History

The adder is heavily wounded.
The adder closely misses you.
The orc priest calls down the wrath of Beogh upon you.
Beogh smites you!
You closely miss the adder.
The adder is heavily wounded.
The adder bites you.
You barely miss the adder.
The adder is heavily wounded.
The adder bites you but does no damage. The adder barely misses you.
You closely miss the adder.
The adder is heavily wounded.
The adder barely misses you.
You hit the adder.
The adder is severely wounded.
The adder bites you but does no damage. The adder misses you.
You barely miss the adder.
The adder is severely wounded.
The adder bites you but does no damage. The adder misses you.
You closely miss the adder.
The adder is severely wounded.
The adder closely misses you.
You hit the adder.
You kill the adder!
Lugonu accepts your kill.
You hit the orc priest.
The orc priest is lightly wounded.
The orc priest hits you but does no damage.
You barely miss the orc priest.
The orc priest is lightly wounded.
The orc priest hits you with a +0 hand axe.
* * * LOW HITPOINT WARNING * * *
You barely miss the orc priest.
The orc priest is lightly wounded.
The orc priest hits you with a +0 hand axe.
* * * LOW HITPOINT WARNING * * *
It was a potion of haste.
You feel yourself speed up.
The orc priest invokes the aid of Beogh against you.
Pain shoots through your body!
You die...

###o#.....
##.##.... ###
#S....... #..
#.#.#.#..
#.########.....#..
#.#.#......#.#.#.#
#.#...####.....#..
#[o.....###.......
#@#####.# #)######
#.# #.###.# #.#
#.....# #.#
####### ..# #...#
##.. #.#.# ... #.
.# #... .. .# ##..
.## .#


You could see an orc priest.

Vanquished Creatures
  4 adders
  A worm (D:2)
  4 orcs (D:3)
  6 ball pythons
  2 bats (D:1)
  3 endoplasms
  5 giant cockroaches
  4 goblins
  9 hobgoblins
  4 jackals (D:2)
  A quokka (D:2)
  2 frilled lizards (D:1)
  4 kobolds (D:1)
  6 rats
55 creatures vanquished.

Notes
Turn   | Place    | Note
-------+----------+-------------------------------------------
     0 | Abyss:1  | croobank the Demonspawn Abyssal Knight began the quest for
                  | the Orb.
     0 | Abyss:1  | Reached XP level 1. HP: 18/18 MP: 2/2
    47 | D:1      | Escaped the Abyss
   187 | D:1      | Reached skill level 1 in Dodging
   567 | D:1      | Gained mutation: You are partially covered in razor-sharp
                  | scales. (AC +1, Slay +1) [demonic ancestry]
   567 | D:1      | Reached XP level 2. HP: 23/24 MP: 4/4
   731 | D:1      | Found a faded altar of an unknown god.
   890 | D:1      | Reached ** piety under Lugonu
  1287 | D:1      | Found Veoshrui's Book Emporium.
  1517 | D:2      | Gained mutation: Your demonic aura sometimes causes spilled
                  | blood to erupt in flames. [demonic ancestry]
  1517 | D:2      | Reached XP level 3. HP: 29/29 MP: 5/5
  1679 | D:2      | Found Bokhax Oshremm's Jewellery Shop.
  1767 | D:2      | Found Ucokh's Weapon Shoppe.
  1855 | D:2      | Found Ipuloak's Weapon Emporium.
  2255 | D:2      | Found Jiejero's Armour Boutique.
  2301 | D:2      | Found Niczuekk's Antique Weapon Shop.
  2356 | D:2      | Reached XP level 4. HP: 35/35 MP: 6/6
  3313 | D:3      | Killed from afar by an orc priest

Illustrated notes

Levels and vault maps discovered:
D:1:      erik_arrival_blinker_ship, layout_loops_ring, serial_shops,
          shop_statue, chequers_ecumenical_altar_simple,
          chequers_serial_rivers_small_a, grunt_decor_one_mirror,
          minmay_misc_feat_ornament, minmay_misc_feat_enclosed
D:2:      layout_loops_cross, serial_shops, shop, shop, shop,
          nicolae_shop_waterfront, nicolae_shop_behind_doors
D:3:      cheibrodos_pilgrimage, layout_loops_ring, old_standard_altar,
          serial_co_window_serial, co_window_of_opportunity_a,
          co_window_paths_a, co_window_of_opportunity_a, co_window_corner_a,
          co_window_paths_a, co_window_cross_2, co_window_broadway_b,
          co_window_paths_c, co_window_corner_ca, co_window_broadway_b,
          co_window_paths_c, co_window_paths_c, glass_columns_a,
          glass_columns_a, glass_columns_b

Skill      XL: |  1  2 |
---------------+-------+-----
Dodging        | 1 |  1.8
Axes           | 2 |  2.5
Armour         | 2 |  2.4
Invocations    | 3 |  3.4
Fighting       | |  3.5

Action                   |  1- 3 |  4- 6 || total
-------------------------+-------+-------++-------
Melee: Hand axe          |   130 |    57 ||   187
       Punch             |     3 |     2 ||     5
  Use: Scroll            |       |     2 ||     2
       Potion            |       |     1 ||     1
 Stab: Sleeping          |     1 |       ||     1
Armor: Leather armour    |    31 |       ||    31
       Ring mail         |     7 |    24 ||    31
Dodge: Dodged            |    94 |    32 ||   126

Table legend: (Time is in decaauts)
 A = Elapsed time spent in this place.
 B = Non-inter-level travel time spent in this place.
 C = Inter-level travel time spent in this place.
 D = Time resting spent in this place.
 E = Time spent auto-exploring this place.
 F = Levels seen in this place.
 G = Mean time per level.
                   A        B        C        D        E       F      G
               +--------+--------+--------+--------+--------+-----+--------+
         Total |   3352 |   3298 |     54 |    847 |   1809 |   4 |  838.0 |
       Dungeon |   3305 |   3251 |     54 |    847 |   1806 |   3 | 1101.7 |
         Abyss |     47 |     47 |      0 |      0 |      3 |   1 |   47.0 |
               +--------+--------+--------+--------+--------+-----+--------+

Top non-repeatable levels by time:
     D:2: 1600 daAuts
     D:1: 1317 daAuts
     D:3: 386 daAuts
 Abyss:1: 47 daAuts
